 Dungeon Crawl Stone Soup version 0.31-a0-210-gccc998df9b (webtiles) character file.

Game seed: 147456328855650799

128 vineage the Trooper (level 5, -4/36 HPs)
             Began as a Gargoyle Fighter on June 30, 2023.
             Slain by a kobold brigand
             ... wielding a +0 dagger of distortion
              (6 damage)
             ... on level 3 of the Dungeon.
             The game lasted 00:02:08 (2289 turns).

vineage the Trooper (Gargoyle Fighter)              Turns: 2289, Time: 00:02:11

Health: -4/36      AC: 13    Str: 19    XL:     5   Next: 11%
Magic:  5/5        EV:  7    Int:  9    God:
Gold:   142        SH:  5    Dex: 11    Spells: 4/4 levels left

rFire   . . .        a - +1 flail
rCold   . . .        c - +1 buckler
rNeg    + . .        o - +0 chain mail
rPois   ∞            (no helmet)
rElec   +            (no cloak)
rCorr   .            (no gloves)
SInv    .            (no boots)
Will    .....        (no amulet) Stlth
                     (no ring)
HPRegen 0.26/turn    (no ring)
MPRegen 0.09/turn

%: no passive effects
@: no status effects
A: sickness immunity, AC +4, negative energy resistance 1, electricity
resistance, torment resistance 1, petrification resistance
a: no special abilities


You were on level 3 of the Dungeon.
You visited 1 branch of the dungeon, and saw 3 of its levels.

You collected 142 gold pieces.

Inventory:

Hand Weapons
 a - a +1 flail (weapon)
Armour
 c - a +1 buckler (worn)
 o - a +0 chain mail (worn)
Wands
 j - a wand of light (7)
Scrolls
 e - a scroll of enchant weapon
 f - a scroll of teleportation {unknown}
 g - a scroll of identify
 h - a scroll of immolation
Potions
 b - a potion of haste {unknown}
 d - a potion of might
 i - 2 potions of curing {unknown}
 k - a potion of mutation {unknown}
 l - a potion of heal wounds
 m - a potion of resistance {unknown}


   Skills:
 + Level 6.2 Fighting
 - Level 2.0 Maces & Flails
 - Level 3.2 Armour
 - Level 3.2 Shields


You had 4 spell levels left.
You didn't know any spells.
Your spell library contained the following spells:

 Spells                   Type           Power      Damage    Failure   Level
 Ensorcelled Hibernation  Hex/Ice        0%         N/A       100%        2
 Lesser Beckoning         Tloc           0%         N/A       100%        2
 Passwall                 Tmut/Erth      0%         N/A       100%        2
 Gell's Gravitas          Tloc           0%         N/A       100%        3
 Swiftness                Air            0%         N/A       100%        3
 Teleport Other           Tloc           0%         N/A       100%        3


Dungeon Overview and Level Annotations

Branches:
Dungeon (3/15)

Altars:

Shops:
D:2 :

Portals:
Abyss: D:3

Annotations:
D:3 1 transporter, makewrite's ghost, amateur HOMo


Innate Abilities, Weirdness & Mutations

You are immune to sickness and miasma.
Your stone body is resilient. (AC +4)
You are immune to poison.
You resist negative energy. (rN+)
You are resistant to electric shocks. (rElec)
You are resistant to unholy torment.
You are immune to petrification.


Message History

You completely miss makewrite's ghost.
The ufetubus hits you but does no damage. x2
You block the ufetubus's attack. x2; Makewrite's ghost barely misses you.
You barely miss makewrite's ghost.
The kobold brigand shouts!
The ufetubus hits you. You block the ufetubus's attack.
You block makewrite's ghost's attack.
The ufetubus hits you but does no damage. x2
Makewrite's ghost barely misses you.
You hit makewrite's ghost.
Makewrite's ghost is lightly damaged.
The ufetubus barely misses you. You block the ufetubus's attack.
The ufetubus hits you but does no damage.
You block the ufetubus's attack. Makewrite's ghost hits you.
You closely miss makewrite's ghost.
Makewrite's ghost is lightly damaged.
The ufetubus hits you but does no damage. x2
Makewrite's ghost hits you! You block the ufetubus's attack.
The ufetubus hits you but does no damage.
You hit makewrite's ghost.
Makewrite's ghost is lightly damaged.
The ufetubus hits you but does no damage. x2
Makewrite's ghost hits you. The kobold brigand closely misses you.
The ufetubus hits you but does no damage. x2
You block the kobold brigand's attack.
Makewrite's ghost shrieks, "There is no future for me!"
Makewrite's ghost barely misses you. You block the ufetubus's attack.
The ufetubus hits you but does no damage.
Makewrite's ghost hits you.
The kobold brigand hits you but does no damage.
Space warps horribly around you!
* * * LOW HITPOINT WARNING * * *
The ufetubus attacks as you move away!
The ufetubus hits you but does no damage.
You block the ufetubus's attack.
The kobold brigand hits you with a +0 dagger of distortion.
* * * LOW HITPOINT WARNING * * *
Space warps around you.
You die...

##.###### #.###.......###.##.#†
#......####)###.#..#...........
#.#...............(....##.##.#.
#.#....................##.##.#.
#........####....###...##.##.#.
###...#####.##..##.##.......#..
#...#5.....#©##...#.....##.##
#...##.##..###...##..#####...
#....#####W5@.#..#...# ####
#####........##K##.###...#
..........©...#5#..#.....#
.#.......###..##..[#.....########
...#....##.##..#©#.##............
.###...##.5##.##.#..##...#######.
.......##.#.###(.#.#.#...........
#####...##.∩...#.^##.##...###.#..
.........#$.#..#......#......###.


You could see a kobold brigand, makewrite's ghost and 2 ufetubi.

Vanquished Creatures
  Ijyb (D:3)
  4 adders
  3 worms
  2 dart slugs (D:2)
  An orc (D:3)
  3 bats
  2 endoplasms
  4 giant cockroaches
  9 hobgoblins
  4 jackals (D:1)
  6 ball pythons
  A frilled lizard (D:3)
  6 goblins
  2 kobolds
  2 rats
50 creatures vanquished.

Notes
Turn   | Place    | Note
-------+----------+-------------------------------------------
     0 | D:1      | vineage the Gargoyle Fighter began the quest for the Orb.
     0 | D:1      | Reached XP level 1. HP: 14/14 MP: 1/1
   411 | D:1      | Reached XP level 2. HP: 20/20 MP: 2/2
   565 | D:1      | Reached skill level 4 in Fighting
   766 | D:2      | Reached XP level 3. HP: 9/24 MP: 3/3
   829 | D:2      | Found Feidghaf's Book Emporium.
  1077 | D:2      | Reached skill level 5 in Fighting
  1208 | D:2      | Found a faded altar of an unknown god.
  1301 | D:2      | Reached XP level 4. HP: 31/31 MP: 4/4
  1599 | D:3      | Found a one-way gate to the infinite horrors of the Abyss.
  1599 | D:3      | Noticed makewrite's ghost (amateur HOMo)
  1605 | D:3      | Found a transporter.
  1609 | D:3      | Found a transporter.
  2012 | D:3      | Noticed Ijyb
  2022 | D:3      | Killed Ijyb
  2023 | D:3      | Reached skill level 6 in Fighting
  2023 | D:3      | Reached XP level 5. HP: 29/36 MP: 5/5
  2087 | D:3      | Noticed a kobold brigand
  2289 | D:3      | Slain by a kobold brigand

Illustrated notes

Levels and vault maps discovered:
D:1:      nagdon_arrival_double_spiral, layout_basic, nrook_uturn,
          kennysheep_nondescript
D:2:      layout_basic, serial_forest, infiniplex_forest_clump_cross,
          infiniplex_forest_end_2, infiniplex_forest_lined_room_2,
          infiniplex_forest_lined_4_way, infiniplex_forest_straight_5,
          infiniplex_forest_clump_small, infiniplex_forest_end_2,
          infiniplex_forest_corner_1, infiniplex_forest_lined_3, serial_shops,
          shop, nicolae_ecumenical_snake_handling, hangedman_decor_riveting
D:3:      layout_loops_ring, gammafunk_ghost_abyssal_escape,
          nicolae_figureground_pulse, uniq_ijyb

Skill      XL: |  1  2  3  4 |
---------------+-------------+-----
Fighting       | 4 5 6 |  6.2
Maces & Flails | |  2.0
Armour         | |  3.2
Shields        | |  3.2

Action                     |  1- 3 |  4- 6 || total
---------------------------+-------+-------++-------
  Melee: Flail             |    97 |    70 ||   167
    Use: Scroll            |     8 |       ||     8
         Potion            |       |     2 ||     2
 Armour: Scale mail        |    59 |       ||    59
         Chain mail        |     3 |    52 ||    55
  Dodge: Dodged            |    56 |    20 ||    76
  Block: Buckler           |    22 |    29 ||    51

Table legend: (Time is in decaauts)
 A = Elapsed time spent in this place.
 B = Non-inter-level travel time spent in this place.
 C = Inter-level travel time spent in this place.
 D = Time resting spent in this place.
 E = Time spent auto-exploring this place.
 F = Levels seen in this place.
 G = Mean time per level.
                   A        B        C        D        E       F      G
               +--------+--------+--------+--------+--------+-----+--------+
         Total |   2343 |   2199 |    144 |      0 |   1788 |   3 |  781.0 |
       Dungeon |   2343 |   2199 |    144 |      0 |   1788 |   3 |  781.0 |
               +--------+--------+--------+--------+--------+-----+--------+

Top non-repeatable levels by time:
     D:2: 889 daAuts
     D:3: 730 daAuts
     D:1: 722 daAuts
